WASHINGTON Capitals vs OTTAWA Senators

Created - 16 février 2024 at 16:34

Goals
1 2 3 T
WASHINGTON Capitals 1 3 0 4
OTTAWA Senators 3 0 3 6
Shots
1 2 3 T
WASHINGTON Capitals 11 11 8 30
OTTAWA Senators 14 7 10 31

1st period

1. WASHINGTON Capitals , Kevin Shattenkirk 2 (John Carlson 4, William Karlsson 1) at 0:55 (PP)
2. OTTAWA Senators , Rasmus Asplund 1 (Sean Durzi 1) at 4:26
3. OTTAWA Senators , Steven Lorentz 1 (J.J. Moser 2, Sean Durzi 2) at 6:49
4. OTTAWA Senators , Connor McDavid 4 (Tyler Bertuzzi 1, Mikko Rantanen 2) at 11:50 (PP)

Penalties :
Tyler Bertuzzi (OTT) for High sticking (Minor) at 0:21, Ian Cole (WSH) for Delaying the game (Minor) at 1:59, Ivan Barbashev (WSH) for Hooking (Minor) at 7:27, Ivan Barbashev (WSH) for Interference (Minor) at 11:29, Nick Seeler (OTT) for Interference (Minor) at 16:00

2nd period

5. WASHINGTON Capitals , John Carlson 1 (William Karlsson 2, Kevin Shattenkirk 2) at 0:21
6. WASHINGTON Capitals , Kevin Shattenkirk 3 (John Carlson 5, Ivan Barbashev 2) at 6:46 (PP)
7. WASHINGTON Capitals , Matt Duchene 1 (Ian Cole 1, Brock Boeser 1) at 15:08

Penalties :
K'Andre Miller (OTT) for Unsportsmanlike conduct (Minor) at 6:16, Pierre-Edouard Bellemare (OTT) for High sticking (Minor) at 11:38

3rd period

8. OTTAWA Senators , Rasmus Sandin 2 (Connor McDavid 2, Mikko Rantanen 3) at 6:32
9. OTTAWA Senators , Samuel Girard 1 (Rasmus Sandin 1) at 12:19 (PP)
10. OTTAWA Senators , Cale Makar 3 (Mikko Rantanen 4, K'Andre Miller 5) at 16:06 (PP)

Penalties :
K'Andre Miller (OTT) for Hooking (Minor) at 0:13, Samuel Girard (OTT) for High sticking (Minor) at 2:32, Pierre-Edouard Bellemare (OTT) for Delaying the game (Minor) at 8:01, Kevin Shattenkirk (WSH) for Slashing (Minor) at 11:34, Ivan Barbashev (WSH) for Roughing (Double Minor) at 15:50

Goalie Stats

Scott Wedgewood (WSH), 25 saves from 31 shots - (0,806), L, 0-2-1, 60:00 minutes
Logan Thompson (OTT), 26 saves from 30 shots - (0,867), W, 2-1-1, 60:00 minutes

Players Stats for WASHINGTON Capitals

Player Name              G  A  P  +/- PIM S  H  SB GA TA FO     MP     PP MP  PK MP  
------------------------------------------------------------------------------------
Barrett Hayton           0  0  0  -1  0   0  0  0  0  0  0/1     7:47   0:00   0:00 
Brock Boeser             0  1  1   0  0   2  1  0  0  0  1/3    21:01   5:25   2:18 
Carson Soucy             0  0  0  -1  0   2  2  2  0  0  0/0    15:55   1:22   3:13 
Casey Mittelstadt        0  0  0   1  0   0  0  0  0  0  1/1    11:24   0:00   0:00 
Christian Dvorak         0  0  0  -1  0   1  0  0  0  0  9/16   13:01   1:24   2:24 
Ian Cole                 0  1  1   0  2   0  4  0  0  0  0/0    14:19   0:00   0:12 
Ivan Barbashev           0  1  1   1  8   3  4  0  0  0  1/1    16:06   4:45   0:00 
Jason Dickinson          0  0  0  -1  0   3  0  0  0  0  1/1     9:13   0:00   0:00 
John Carlson             1  2  3  -1  0   3  1  2  0  0  0/0    28:00   5:11   4:33 
Kevin Shattenkirk        2  1  3   0  2   3  3  0  0  0  0/0    22:39   5:44   2:34 
Mario Ferraro            0  0  0   0  0   0  2  0  0  0  0/0    18:04   4:40   4:06 
Matt Duchene             1  0  1   0  0   3  0  1  0  0  18/30  23:15   4:59   4:58 
Pavel Buchnevich         0  0  0   0  0   3  2  1  0  0  0/0    18:43   5:25   0:00 
Ross Colton              0  0  0  -1  0   0  0  1  0  0  0/0     7:47   0:00   0:00 
Ryan Strome              0  0  0  -1  0   3  0  0  0  0  0/0    14:12   4:59   0:00 
Torey Krug               0  0  0   0  0   2  4  0  0  0  0/0    21:01   5:01   0:00 
Travis Boyd              0  0  0  -1  0   0  0  0  0  0  0/0     8:22   0:35   0:00 
William Karlsson         0  2  2   1  0   2  0  1  0  0  25/39  21:47   5:25   4:58 

Players Stats for OTTAWA Senators

Player Name              G  A  P  +/- PIM S  H  SB GA TA FO     MP     PP MP  PK MP  
------------------------------------------------------------------------------------
Anthony Duclair          0  0  0   1  0   1  0  0  0  0  0/1    13:32   0:00   0:55 
Boris Katchouk           0  0  0   0  0   0  0  0  0  0  0/0     0:00   0:00   0:00 
Cale Makar               1  0  1  -1  0   5  1  0  0  0  0/0    25:25   3:33   5:44 
Connor McDavid           1  1  2   0  0   3  1  0  0  0  21/43  25:31   3:51   6:06 
Dylan Strome             0  0  0   0  0   4  1  0  0  0  9/28   20:57   3:28   3:58 
Filip Zadina             0  0  0   0  0   0  0  0  0  0  0/0     0:03   0:00   0:00 
J.J. Moser               0  1  1   2  0   0  0  0  0  0  0/0    15:08   0:00   2:32 
K'Andre Miller           0  1  1  -1  4   1  1  0  0  0  0/0    23:31   3:33   3:52 
Mikko Rantanen           0  3  3   0  0   4  1  0  0  0  1/5    25:34   3:51   6:06 
Nick Seeler              0  0  0   0  2   0  1  0  0  0  0/0     3:45   0:00   0:28 
Oliver Wahlstrom         0  0  0   1  0   2  3  0  0  0  0/0    13:52   0:00   1:15 
Pierre-Edouard Bellemare 0  0  0   0  4   1  3  0  0  0  0/0    16:54   3:28   0:00 
Rasmus Asplund           1  0  1   1  0   3  0  0  0  0  3/11   12:37   0:00   0:00 
Rasmus Sandin            1  1  2   0  0   2  3  4  0  0  0/0    21:59   3:46   5:15 
Samuel Girard            1  0  1   0  2   2  1  2  0  0  0/0    20:50   3:46   4:07 
Sean Durzi               0  2  2   2  0   1  1  1  0  0  0/0     9:18   0:00   0:00 
Steven Lorentz           1  0  1   0  0   2  3  0  0  0  0/1    16:56   3:28   0:00 
Tyler Bertuzzi           0  1  1   0  2   0  1  0  0  0  2/3    23:02   3:51   3:38 

3 Stars

1 - Rasmus Sandin (OTT)
2 - Kevin Shattenkirk (WSH)
3 - Sean Durzi (OTT)

Power Play

WASHINGTON Capitals - 2 on 7 Attempt(s) - 28,57%
OTTAWA Senators - 3 on 6 Attempt(s) - 50,00%

Penalty Kill

WASHINGTON Capitals - 3 on 6 Attempt(s) - 50,00% - Score 0 goal in Penalty Kill
OTTAWA Senators - 5 on 7 Attempt(s) - 71,43% - Score 0 goal in Penalty Kill

Team Stat

WASHINGTON Capitals - Hits : 23 - Faceoff Wins : 56 - Blocked Shots : 8 - Penalty Minutes : 12
OTTAWA Senators - Hits : 21 - Faceoff Wins : 36 - Blocked Shots : 7 - Penalty Minutes : 14

Official

Referees : Anniina Nurmi and Brandon Schrader
Linesman : Kiel Murchison and Tyson Baker

Game Notes

No Game Note

Finance

Level 1 -- Attendance: 4978 (73,16%) -- Ticket Income $497,800
Level 2 -- Attendance: 4384 (75,59%) -- Ticket Income $263,040
Level 3 -- Attendance: 2148 (53,70%) -- Ticket Income $75,180
Level 4 -- Attendance: 4338 (86,73%) -- Ticket Income $86,760
Luxury Box -- Attendance: 854 (80,95%) -- Ticket Income $170,800
Game was played at the Canadian Tire Centre.
Total Attendance: 16702 (73,70%)
Total Ticket Income: $1,093,580
Other Income: $273,395
Total Income: $1,366,975

WASHINGTON Capitals

5 vs 5 Forward 
   Center                   Left Wing                Right Wing               Time % Phy DF OF 
 1 Matt Duchene             Pavel Buchnevich         Brock Boeser             40     1   1  3  
 2 William Karlsson         Ivan Barbashev           Casey Mittelstadt        30     1   1  3  
 3 Christian Dvorak         Jason Dickinson          Ryan Strome              25     2   2  1  
 4 Barrett Hayton           Ross Colton              Travis Boyd              5      2   2  1  

5 vs 5 Defense 
   Defense                  Defense                                           Time % Phy DF OF 
 1 John Carlson             Kevin Shattenkirk                                 40     1   2  2  
 2 Ian Cole                 Torey Krug                                        30     2   2  1  
 3 Mario Ferraro            Carson Soucy                                      20     2   2  1  
 4 Torey Krug               John Carlson                                      10     0   3  2  

PowerPlay Forward 
   Center                   Left Wing                Right Wing               Time % Phy DF OF 
 1 William Karlsson         Pavel Buchnevich         Brock Boeser             60     1   0  4  
 2 Matt Duchene             Ivan Barbashev           Ryan Strome              40     1   0  4  

PowerPlay Defense
   Defense                  Defense                                           Time % Phy DF OF 
 1 John Carlson             Kevin Shattenkirk                                 70     0   1  4  
 2 Mario Ferraro            Torey Krug                                        30     0   1  4  

Penalty Kill 4 Players Forward 
   Center                   Wing                     Time % Phy DF OF 
 1 William Karlsson         Matt Duchene             60     1   4  0  
 2 Christian Dvorak         Brock Boeser             40     1   4  0  

Penalty Kill 4 Players Defense
   Defense                  Defense                  Time % Phy DF OF 
 1 John Carlson             Mario Ferraro            60     1   4  0  
 2 Kevin Shattenkirk        Carson Soucy             40     1   4  0  

Penalty Kill - 3 Players Forward 
   Forward                                           Time % Phy DF OF 
 1 William Karlsson                                  60     0   5  0  
 2 Matt Duchene                                      40     0   5  0  

Penalty Kill - 3 Players Defense
   Defense                  Defense                  Time % Phy DF OF 
 1 John Carlson             Mario Ferraro            60     0   5  0  
 2 Kevin Shattenkirk        Carson Soucy             40     0   5  0  

4 vs 4 Forward 
   Center                   Wing                     Time % Phy DF OF 
 1 William Karlsson         Christian Dvorak         60     1   2  2  
 2 Matt Duchene             Brock Boeser             40     1   2  2  

4 vs 4 Defense
   Defense                  Defense                  Time % Phy DF OF 
 1 John Carlson             Kevin Shattenkirk        60     1   2  2  
 2 Mario Ferraro            Torey Krug               40     1   2  2  

Last Minutes Offensive
   Center                   Left Wing                Right Wing               Defense                  Defense                  
   Matt Duchene             Pavel Buchnevich         Brock Boeser             John Carlson             Kevin Shattenkirk        

Last Minutes Defensive
   Center                   Left Wing                Right Wing               Defense                  Defense                  
   William Karlsson         Pavel Buchnevich         Ivan Barbashev           John Carlson             Mario Ferraro            

Goaltenders
Starting : Scott Wedgewood          
Backup : Chris Driedger           

Extra Forwards
Normal : Brock Boeser, Matt Duchene, William Karlsson - PP : William Karlsson, Brock Boeser - PK : Christian Dvorak
Extra Defensemen
Normal : Carson Soucy, Kevin Shattenkirk, Mario Ferraro - PP : John Carlson - PK : John Carlson, Torey Krug
Penalty Shots
Matt Duchene, Pavel Buchnevich, Brock Boeser, Ryan Strome, William Karlsson

Scratches
Matt Grzelcyk (Healthy), Sam Steel (Healthy)

OTTAWA Senators

5 vs 5 Forward 
   Center                   Left Wing                Right Wing               Time % Phy DF OF 
 1 Connor McDavid           Tyler Bertuzzi           Mikko Rantanen           40     1   2  2  
 2 Dylan Strome             Pierre-Edouard Bellemare Steven Lorentz           30     1   2  2  
 3 Rasmus Asplund           Anthony Duclair          Oliver Wahlstrom         20     1   2  2  
 4 Dylan Strome             Filip Zadina             Mikko Rantanen           10     1   2  2  

5 vs 5 Defense 
   Defense                  Defense                                           Time % Phy DF OF 
 1 Cale Makar               K'Andre Miller                                    40     1   2  2  
 2 Samuel Girard            Rasmus Sandin                                     30     1   2  2  
 3 Sean Durzi               J.J. Moser                                        20     1   2  2  
 4 Nick Seeler              J.J. Moser                                        10     1   2  2  

PowerPlay Forward 
   Center                   Left Wing                Right Wing               Time % Phy DF OF 
 1 Connor McDavid           Tyler Bertuzzi           Mikko Rantanen           60     1   2  2  
 2 Dylan Strome             Pierre-Edouard Bellemare Steven Lorentz           40     1   2  2  

PowerPlay Defense
   Defense                  Defense                                           Time % Phy DF OF 
 1 Cale Makar               K'Andre Miller                                    60     1   2  2  
 2 Samuel Girard            Rasmus Sandin                                     40     1   2  2  

Penalty Kill 4 Players Forward 
   Center                   Wing                     Time % Phy DF OF 
 1 Connor McDavid           Mikko Rantanen           60     1   2  2  
 2 Dylan Strome             Tyler Bertuzzi           40     1   2  2  

Penalty Kill 4 Players Defense
   Defense                  Defense                  Time % Phy DF OF 
 1 Cale Makar               K'Andre Miller           60     1   2  2  
 2 Samuel Girard            Rasmus Sandin            40     1   2  2  

Penalty Kill - 3 Players Forward 
   Forward                                           Time % Phy DF OF 
 1 Connor McDavid                                    60     1   2  2  
 2 Mikko Rantanen                                    40     1   2  2  

Penalty Kill - 3 Players Defense
   Defense                  Defense                  Time % Phy DF OF 
 1 Cale Makar               K'Andre Miller           60     1   2  2  
 2 Samuel Girard            Rasmus Sandin            40     1   2  2  

4 vs 4 Forward 
   Center                   Wing                     Time % Phy DF OF 
 1 Connor McDavid           Mikko Rantanen           60     1   2  2  
 2 Dylan Strome             Tyler Bertuzzi           40     1   2  2  

4 vs 4 Defense
   Defense                  Defense                  Time % Phy DF OF 
 1 Cale Makar               K'Andre Miller           60     1   2  2  
 2 Samuel Girard            Rasmus Sandin            40     1   2  2  

Last Minutes Offensive
   Center                   Left Wing                Right Wing               Defense                  Defense                  
   Connor McDavid           Tyler Bertuzzi           Mikko Rantanen           Cale Makar               K'Andre Miller           

Last Minutes Defensive
   Center                   Left Wing                Right Wing               Defense                  Defense                  
   Connor McDavid           Tyler Bertuzzi           Mikko Rantanen           Cale Makar               K'Andre Miller           

Goaltenders
Starting : Logan Thompson           
Backup : Jake Allen               

Extra Forwards
Normal : Boris Katchouk, Anthony Duclair, Oliver Wahlstrom - PP : Boris Katchouk, Anthony Duclair - PK : Oliver Wahlstrom
Extra Defensemen
Normal : Sean Durzi, J.J. Moser, Nick Seeler - PP : Sean Durzi - PK : J.J. Moser, Nick Seeler
Penalty Shots
Connor McDavid, Mikko Rantanen, Dylan Strome, Tyler Bertuzzi, Pierre-Edouard Bellemare

Scratches
None


% Time on Ice - WASHINGTON Capitals

Lines # - Real PCT - Wanted PCT - Time Play
Normal Forward
1 - 32% - 40% - 13:18
2 - 27% - 30% - 11:24
3 - 22% - 25% - 9:13
4 - 19% - 5% - 7:47
Normal Defense
1 - 34% - 40% - 14:22
2 - 34% - 30% - 14:08
3 - 22% - 20% - 9:18
4 - 9% - 10% - 3:54
PP Forward
1 - 55% - 60% - 6:00
2 - 45% - 40% - 4:59
PP Defense
1 - 52% - 70% - 5:44
2 - 48% - 30% - 5:15
PK Forward
1 - 69% - 60% - 5:01
2 - 31% - 40% - 2:18
PK Defense
1 - 56% - 60% - 4:06
2 - 44% - 40% - 3:13
PK3 Forward
1 - 0% - 60%
2 - 0% - 40%
PK3 Defense
1 - 0% - 60%
2 - 0% - 40%
44 Forward
1 - 0% - 60%
2 - 0% - 40%
44 Defense
1 - 0% - 60%
2 - 0% - 40%
Last Minute Offensive  - 0:00
Last Minute Defensive  - 0:00
Total
Forward - 60:00
Defense - 60:00

% Time on Ice - OTTAWA Senators

Lines # - Real PCT - Wanted PCT - Time Play
Normal Forward
1 - 37% - 40% - 15:34
2 - 32% - 30% - 13:28
3 - 30% - 20% - 12:37
4 - 0% - 10% - 0:03
Normal Defense
1 - 39% - 40% - 16:08
2 - 31% - 30% - 12:58
3 - 22% - 20% - 9:18
4 - 8% - 10% - 3:18
PP Forward
1 - 53% - 60% - 3:51
2 - 47% - 40% - 3:28
PP Defense
1 - 49% - 60% - 3:33
2 - 51% - 40% - 3:46
PK Forward
1 - 64% - 60% - 7:01
2 - 36% - 40% - 3:58
PK Defense
1 - 52% - 60% - 5:44
2 - 48% - 40% - 5:15
PK3 Forward
1 - 0% - 60%
2 - 0% - 40%
PK3 Defense
1 - 0% - 60%
2 - 0% - 40%
44 Forward
1 - 0% - 60%
2 - 0% - 40%
44 Defense
1 - 0% - 60%
2 - 0% - 40%
Last Minute Offensive  - 0:00
Last Minute Defensive  - 0:00
Total
Forward - 60:00
Defense - 60:00

Play-by-Play

1st period


0:01 of 1st period - Mikko Rantanen wins face-off versus Matt Duchene in neutral zone.
0:18 of 1st period - Shot by Cale Makar.
0:18 of 1st period - Stopped by Scott Wedgewood with a rebound.
0:21 of 1st period - Minor Penalty to Tyler Bertuzzi for High sticking.
0:22 of 1st period - Matt Duchene wins face-off versus Connor McDavid in OTTAWA Senators zone.
0:35 of 1st period - Shot by Ivan Barbashev.
0:35 of 1st period - Stopped by Logan Thompson without a rebound.
0:36 of 1st period - Dylan Strome wins face-off versus William Karlsson in OTTAWA Senators zone.
0:55 of 1st period - Shot by Kevin Shattenkirk.
0:55 of 1st period - Goal by Kevin Shattenkirk - WASHINGTON Capitals : 1 - OTTAWA Senators : 0.
0:56 of 1st period - Christian Dvorak wins face-off versus Mikko Rantanen in neutral zone.
1:05 of 1st period - Shot by Ryan Strome.
1:05 of 1st period - Shot Misses the Net.
1:07 of 1st period - Shot by Ryan Strome.
1:07 of 1st period - Stopped by Logan Thompson without a rebound.
1:08 of 1st period - Dylan Strome wins face-off versus William Karlsson in OTTAWA Senators zone.
1:17 of 1st period - Shot by Pierre-Edouard Bellemare.
1:17 of 1st period - Stopped by Scott Wedgewood without a rebound.
1:18 of 1st period - Rasmus Asplund wins face-off versus Brock Boeser in WASHINGTON Capitals zone.
1:52 of 1st period - Shot by Anthony Duclair.
1:52 of 1st period - Shot Misses the Net.
1:59 of 1st period - Minor Penalty to Ian Cole for Delaying the game.
2:00 of 1st period - Matt Duchene wins face-off versus Mikko Rantanen in WASHINGTON Capitals zone.
2:00 of 1st period - Matt Duchene is hit by Tyler Bertuzzi.
2:26 of 1st period - Shot by K'Andre Miller.
2:26 of 1st period - Shot Blocked by William Karlsson.
2:28 of 1st period - Shot by Connor McDavid.
2:28 of 1st period - Shot Misses the Net.
2:30 of 1st period - Shot by Cale Makar.
2:30 of 1st period - Stopped by Scott Wedgewood without a rebound.
2:31 of 1st period - Christian Dvorak wins face-off versus Dylan Strome in WASHINGTON Capitals zone.
2:50 of 1st period - Shot by Dylan Strome.
2:50 of 1st period - Shot Misses the Net.
3:06 of 1st period - Shot by Samuel Girard.
3:06 of 1st period - Shot Misses the Net.
3:15 of 1st period - Icing by Rasmus Sandin.
3:16 of 1st period - Christian Dvorak wins face-off versus Dylan Strome in OTTAWA Senators zone.
3:17 of 1st period - Shot by Brock Boeser.
3:17 of 1st period - Stopped by Logan Thompson with a rebound.
3:19 of 1st period - Shot by John Carlson.
3:19 of 1st period - Stopped by Logan Thompson without a rebound.
3:20 of 1st period - William Karlsson wins face-off versus Connor McDavid in OTTAWA Senators zone.
3:31 of 1st period - Shot by K'Andre Miller.
3:31 of 1st period - Stopped by Scott Wedgewood with a rebound.
3:57 of 1st period - Shot by Connor McDavid.
3:57 of 1st period - Shot Blocked by Carson Soucy.
3:59 of 1st period - Shot by Tyler Bertuzzi.
3:59 of 1st period - Shot Misses the Net.
4:26 of 1st period - Shot by Rasmus Asplund.
4:26 of 1st period - Goal by Rasmus Asplund - WASHINGTON Capitals : 1 - OTTAWA Senators : 1.
4:27 of 1st period - Dylan Strome wins face-off versus Barrett Hayton in neutral zone.
4:54 of 1st period - Shot by Dylan Strome.
4:54 of 1st period - Shot Misses the Net.
4:56 of 1st period - Shot by Steven Lorentz.
4:56 of 1st period - Shot Misses the Net.
4:58 of 1st period - Shot by Rasmus Sandin.
4:58 of 1st period - Stopped by Scott Wedgewood without a rebound.
4:59 of 1st period - William Karlsson wins face-off versus Connor McDavid in WASHINGTON Capitals zone.
5:17 of 1st period - Icing by John Carlson.
5:18 of 1st period - Ivan Barbashev wins face-off versus Rasmus Asplund in WASHINGTON Capitals zone.
5:31 of 1st period - Shot by Ivan Barbashev.
5:31 of 1st period - Stopped by Logan Thompson without a rebound.
5:32 of 1st period - Matt Duchene wins face-off versus Connor McDavid in OTTAWA Senators zone.
5:36 of 1st period - Icing by Cale Makar.
5:37 of 1st period - Connor McDavid wins face-off versus Matt Duchene in OTTAWA Senators zone.
6:29 of 1st period - Icing by John Carlson.
6:30 of 1st period - Matt Duchene wins face-off versus Dylan Strome in WASHINGTON Capitals zone.
6:30 of 1st period - Matt Duchene is hit by Steven Lorentz.
6:33 of 1st period - Kevin Shattenkirk is hit by Dylan Strome and loses puck.
6:49 of 1st period - Shot by Steven Lorentz.
6:49 of 1st period - Goal by Steven Lorentz - WASHINGTON Capitals : 1 - OTTAWA Senators : 2.
6:50 of 1st period - Rasmus Asplund wins face-off versus William Karlsson in neutral zone.
6:55 of 1st period - Shot by Anthony Duclair.
6:55 of 1st period - Stopped by Scott Wedgewood without a rebound.
6:56 of 1st period - William Karlsson wins face-off versus Dylan Strome in WASHINGTON Capitals zone.
7:06 of 1st period - Dylan Strome is hit by Torey Krug and loses puck.
7:16 of 1st period - Icing by Torey Krug.
7:17 of 1st period - Connor McDavid wins face-off versus William Karlsson in WASHINGTON Capitals zone.
7:17 of 1st period - Cale Makar is hit by Ian Cole and loses puck.
7:27 of 1st period - Minor Penalty to Ivan Barbashev for Hooking.
7:28 of 1st period - William Karlsson wins face-off versus Connor McDavid in WASHINGTON Capitals zone.
8:01 of 1st period - Off-side.
8:02 of 1st period - William Karlsson wins face-off versus Dylan Strome in neutral zone.
8:10 of 1st period - Icing by Dylan Strome.
8:11 of 1st period - William Karlsson wins face-off versus Dylan Strome in OTTAWA Senators zone.
9:55 of 1st period - Shot by Rasmus Asplund.
9:55 of 1st period - Stopped by Scott Wedgewood without a rebound.
9:56 of 1st period - Connor McDavid wins face-off versus Christian Dvorak in WASHINGTON Capitals zone.
10:14 of 1st period - Shot by Mikko Rantanen.
10:14 of 1st period - Stopped by Scott Wedgewood with a rebound.
10:30 of 1st period - Shot by Jason Dickinson.
10:30 of 1st period - Stopped by Logan Thompson without a rebound.
10:31 of 1st period - Matt Duchene wins face-off versus Rasmus Asplund in OTTAWA Senators zone.
10:44 of 1st period - Shot by Matt Duchene.
10:44 of 1st period - Stopped by Logan Thompson without a rebound.
10:45 of 1st period - Casey Mittelstadt wins face-off versus Steven Lorentz in OTTAWA Senators zone.
10:50 of 1st period - Shot by Torey Krug.
10:50 of 1st period - Shot Misses the Net.
11:15 of 1st period - Ivan Barbashev is hit by Pierre-Edouard Bellemare and loses puck.
11:29 of 1st period - Minor Penalty to Ivan Barbashev for Interference.
11:30 of 1st period - Connor McDavid wins face-off versus Christian Dvorak in WASHINGTON Capitals zone.
11:30 of 1st period - Connor McDavid is hit by Mario Ferraro.
11:38 of 1st period - Shot by Connor McDavid.
11:38 of 1st period - Shot Misses the Net.
11:42 of 1st period - Shot by Cale Makar.
11:42 of 1st period - Stopped by Scott Wedgewood without a rebound.
11:43 of 1st period - Connor McDavid wins face-off versus William Karlsson in WASHINGTON Capitals zone.
11:46 of 1st period - Shot by Mikko Rantanen.
11:46 of 1st period - Shot Misses the Net.
11:48 of 1st period - Shot by Connor McDavid.
11:48 of 1st period - Shot Misses the Net.
11:50 of 1st period - Shot by Tyler Bertuzzi.
11:50 of 1st period - Deflect By Connor McDavid.
11:50 of 1st period - Goal by Connor McDavid - WASHINGTON Capitals : 1 - OTTAWA Senators : 3.
11:51 of 1st period - Matt Duchene wins face-off versus Tyler Bertuzzi in neutral zone.
12:22 of 1st period - Mikko Rantanen is hit by Kevin Shattenkirk and loses puck.
12:33 of 1st period - Shot by Connor McDavid.
12:33 of 1st period - Shot Misses the Net.
12:36 of 1st period - Connor McDavid is hit by Kevin Shattenkirk and loses puck.
12:44 of 1st period - Icing by John Carlson.
12:45 of 1st period - Matt Duchene wins face-off versus Dylan Strome in WASHINGTON Capitals zone.
13:33 of 1st period - Shot by Ryan Strome.
13:33 of 1st period - Shot Blocked by Rasmus Sandin.
13:35 of 1st period - Shot by Carson Soucy.
13:35 of 1st period - Stopped by Logan Thompson with a rebound.
14:13 of 1st period - Shot by Rasmus Asplund.
14:13 of 1st period - Shot Hit the Post.
14:27 of 1st period - Shot by Oliver Wahlstrom.
14:27 of 1st period - Stopped by Scott Wedgewood without a rebound.
14:28 of 1st period - Brock Boeser wins face-off versus Connor McDavid in WASHINGTON Capitals zone.
15:11 of 1st period - Shot by Pavel Buchnevich.
15:11 of 1st period - Shot Misses the Net.
15:37 of 1st period - Jason Dickinson is hit by Nick Seeler and loses puck.
16:00 of 1st period - Shot by Jason Dickinson.
16:00 of 1st period - Deflect By Christian Dvorak.
16:00 of 1st period - Stopped by Logan Thompson without a rebound.
16:00 of 1st period - Minor Penalty to Nick Seeler for Interference.
16:01 of 1st period - Connor McDavid wins face-off versus Matt Duchene in OTTAWA Senators zone.
18:40 of 1st period - Shot by Steven Lorentz.
18:40 of 1st period - Deflect By Dylan Strome.
18:40 of 1st period - Stopped by Scott Wedgewood without a rebound.
18:41 of 1st period - Christian Dvorak wins face-off versus Rasmus Asplund in WASHINGTON Capitals zone.
18:46 of 1st period - Shot by Ryan Strome.
18:46 of 1st period - Stopped by Logan Thompson without a rebound.
18:47 of 1st period - Rasmus Asplund wins face-off versus Matt Duchene in OTTAWA Senators zone.
19:19 of 1st period - Icing by Mario Ferraro.
19:20 of 1st period - Connor McDavid wins face-off versus Matt Duchene in WASHINGTON Capitals zone.
19:29 of 1st period - Tyler Bertuzzi is hit by Pavel Buchnevich and loses puck.
Goals for this period are 1 for WASHINGTON Capitals vs 3 for OTTAWA Senators.
Shots for this period are 11 for WASHINGTON Capitals vs 14 for OTTAWA Senators.

2nd period


0:01 of 2nd period - Connor McDavid wins face-off versus William Karlsson in neutral zone.
0:19 of 2nd period - Shot by William Karlsson.
0:19 of 2nd period - Stopped by Logan Thompson with a rebound.
0:21 of 2nd period - Shot by John Carlson.
0:21 of 2nd period - Goal by John Carlson - WASHINGTON Capitals : 2 - OTTAWA Senators : 3.
0:22 of 2nd period - Dylan Strome wins face-off versus Christian Dvorak in neutral zone.
0:24 of 2nd period - Off-side.
0:25 of 2nd period - Christian Dvorak wins face-off versus Dylan Strome in neutral zone.
0:36 of 2nd period - Shot by Jason Dickinson.
0:36 of 2nd period - Stopped by Logan Thompson without a rebound.
0:37 of 2nd period - Connor McDavid wins face-off versus William Karlsson in OTTAWA Senators zone.
0:37 of 2nd period - Connor McDavid is hit by Ivan Barbashev.
1:18 of 2nd period - Shot by Connor McDavid.
1:18 of 2nd period - Shot Misses the Net.
1:23 of 2nd period - Mikko Rantanen is hit by John Carlson and loses puck.
2:03 of 2nd period - Ian Cole is hit by Pierre-Edouard Bellemare and loses puck.
2:53 of 2nd period - Jason Dickinson is hit by Sean Durzi and loses puck.
3:36 of 2nd period - Shot by Connor McDavid.
3:36 of 2nd period - Shot Blocked by Ross Colton.
3:38 of 2nd period - Shot by Connor McDavid.
3:38 of 2nd period - Stopped by Scott Wedgewood without a rebound.
3:39 of 2nd period - William Karlsson wins face-off versus Dylan Strome in WASHINGTON Capitals zone.
4:07 of 2nd period - Off-side.
4:08 of 2nd period - Connor McDavid wins face-off versus Matt Duchene in neutral zone.
4:29 of 2nd period - Shot by Pavel Buchnevich.
4:29 of 2nd period - Stopped by Logan Thompson with a rebound.
4:31 of 2nd period - Shot by Mario Ferraro.
4:31 of 2nd period - Shot Misses the Net.
4:35 of 2nd period - Shot by Brock Boeser.
4:35 of 2nd period - Shot Misses the Net.
4:37 of 2nd period - Shot by Mario Ferraro.
4:37 of 2nd period - Shot Misses the Net.
4:39 of 2nd period - Shot by Carson Soucy.
4:39 of 2nd period - Stopped by Logan Thompson without a rebound.
4:40 of 2nd period - William Karlsson wins face-off versus Dylan Strome in OTTAWA Senators zone.
5:13 of 2nd period - Shot by Steven Lorentz.
5:13 of 2nd period - Stopped by Scott Wedgewood without a rebound.
5:14 of 2nd period - Connor McDavid wins face-off versus Matt Duchene in WASHINGTON Capitals zone.
5:19 of 2nd period - Tyler Bertuzzi is hit by Ian Cole and loses puck.
5:27 of 2nd period - Ian Cole is hit by Rasmus Sandin and loses puck.
5:37 of 2nd period - Connor McDavid is hit by Torey Krug and loses puck.
5:49 of 2nd period - Torey Krug is hit by Rasmus Sandin and loses puck.
5:53 of 2nd period - Icing by Samuel Girard.
5:54 of 2nd period - Christian Dvorak wins face-off versus Connor McDavid in OTTAWA Senators zone.
5:54 of 2nd period - John Carlson is hit by Rasmus Sandin and loses puck.
6:05 of 2nd period - Shot by Ryan Strome.
6:05 of 2nd period - Shot Misses the Net.
6:07 of 2nd period - Shot by John Carlson.
6:07 of 2nd period - Shot Blocked by Rasmus Sandin.
6:11 of 2nd period - Shot by Ryan Strome.
6:11 of 2nd period - Shot Misses the Net.
6:13 of 2nd period - Shot by Jason Dickinson.
6:13 of 2nd period - Stopped by Logan Thompson without a rebound.
6:14 of 2nd period - William Karlsson wins face-off versus Dylan Strome in OTTAWA Senators zone.
6:16 of 2nd period - Minor Penalty to K'Andre Miller for Unsportsmanlike conduct.
6:17 of 2nd period - William Karlsson wins face-off versus Connor McDavid in OTTAWA Senators zone.
6:34 of 2nd period - Shot by Kevin Shattenkirk.
6:34 of 2nd period - Stopped by Logan Thompson without a rebound.
6:35 of 2nd period - Matt Duchene wins face-off versus Mikko Rantanen in OTTAWA Senators zone.
6:44 of 2nd period - Shot by John Carlson.
6:44 of 2nd period - Shot Misses the Net.
6:46 of 2nd period - Shot by Kevin Shattenkirk.
6:46 of 2nd period - Goal by Kevin Shattenkirk - WASHINGTON Capitals : 3 - OTTAWA Senators : 3.
6:47 of 2nd period - Matt Duchene wins face-off versus Dylan Strome in neutral zone.
7:14 of 2nd period - Shot by Pavel Buchnevich.
7:14 of 2nd period - Shot Blocked by Samuel Girard.
7:16 of 2nd period - Shot by Brock Boeser.
7:16 of 2nd period - Stopped by Logan Thompson without a rebound.
7:17 of 2nd period - William Karlsson wins face-off versus Anthony Duclair in OTTAWA Senators zone.
8:00 of 2nd period - Shot by Oliver Wahlstrom.
8:00 of 2nd period - Shot Blocked by John Carlson.
8:48 of 2nd period - Shot by Mikko Rantanen.
8:48 of 2nd period - Stopped by Scott Wedgewood without a rebound.
8:49 of 2nd period - Matt Duchene wins face-off versus Dylan Strome in WASHINGTON Capitals zone.
8:49 of 2nd period - Matt Duchene is hit by Pierre-Edouard Bellemare.
8:59 of 2nd period - Shot by Rasmus Sandin.
8:59 of 2nd period - Shot Misses the Net.
9:01 of 2nd period - Shot by Dylan Strome.
9:01 of 2nd period - Shot Blocked by Carson Soucy.
9:12 of 2nd period - Dylan Strome is hit by Carson Soucy and loses puck.
9:32 of 2nd period - Shot by Dylan Strome.
9:32 of 2nd period - Stopped by Scott Wedgewood with a rebound.
9:45 of 2nd period - Icing by Connor McDavid.
9:46 of 2nd period - Connor McDavid wins face-off versus William Karlsson in OTTAWA Senators zone.
9:51 of 2nd period - Kevin Shattenkirk is hit by Mikko Rantanen and loses puck.
10:09 of 2nd period - J.J. Moser is hit by Ivan Barbashev and loses puck.
11:15 of 2nd period - Torey Krug is hit by Oliver Wahlstrom.
11:36 of 2nd period - Torey Krug is hit by Steven Lorentz and loses puck.
11:38 of 2nd period - Minor Penalty to Pierre-Edouard Bellemare for High sticking.
11:39 of 2nd period - William Karlsson wins face-off versus Connor McDavid in OTTAWA Senators zone.
11:42 of 2nd period - Shot by Torey Krug.
11:42 of 2nd period - Shot Misses the Net.
11:44 of 2nd period - Shot by Pavel Buchnevich.
11:44 of 2nd period - Stopped by Logan Thompson with a rebound.
11:46 of 2nd period - Shot by Pavel Buchnevich.
11:46 of 2nd period - Shot Misses the Net.
12:04 of 2nd period - Shot by Brock Boeser.
12:04 of 2nd period - Shot Blocked by Rasmus Sandin.
12:06 of 2nd period - Shot by Mario Ferraro.
12:06 of 2nd period - Shot Blocked by Rasmus Sandin.
12:31 of 2nd period - Off-side.
12:32 of 2nd period - Connor McDavid wins face-off versus Matt Duchene in neutral zone.
12:59 of 2nd period - Shot by Kevin Shattenkirk.
12:59 of 2nd period - Shot Misses the Net.
13:46 of 2nd period - Shot by Oliver Wahlstrom.
13:46 of 2nd period - Shot Misses the Net.
13:48 of 2nd period - Shot by Anthony Duclair.
13:48 of 2nd period - Shot Misses the Net.
13:55 of 2nd period - Oliver Wahlstrom is hit by Mario Ferraro and loses puck.
15:08 of 2nd period - Shot by Matt Duchene.
15:08 of 2nd period - Goal by Matt Duchene - WASHINGTON Capitals : 4 - OTTAWA Senators : 3.
15:09 of 2nd period - Christian Dvorak wins face-off versus Connor McDavid in neutral zone.
15:11 of 2nd period - Off-side.
15:12 of 2nd period - William Karlsson wins face-off versus Connor McDavid in neutral zone.
15:42 of 2nd period - Icing by Kevin Shattenkirk.
15:43 of 2nd period - William Karlsson wins face-off versus Dylan Strome in WASHINGTON Capitals zone.
15:48 of 2nd period - Sean Durzi is hit by Ivan Barbashev and loses puck.
16:36 of 2nd period - Off-side.
16:37 of 2nd period - Tyler Bertuzzi wins face-off versus Christian Dvorak in neutral zone.
16:39 of 2nd period - Off-side.
16:40 of 2nd period - Matt Duchene wins face-off versus Connor McDavid in neutral zone.
16:48 of 2nd period - Off-side.
16:49 of 2nd period - Matt Duchene wins face-off versus Connor McDavid in neutral zone.
17:00 of 2nd period - Shot by Connor McDavid.
17:00 of 2nd period - Stopped by Scott Wedgewood without a rebound.
17:01 of 2nd period - Dylan Strome wins face-off versus Christian Dvorak in WASHINGTON Capitals zone.
17:15 of 2nd period - Icing by John Carlson.
17:16 of 2nd period - Christian Dvorak wins face-off versus Connor McDavid in WASHINGTON Capitals zone.
17:20 of 2nd period - Torey Krug is hit by Cale Makar and loses puck.
18:31 of 2nd period - Shot by Dylan Strome.
18:31 of 2nd period - Stopped by Scott Wedgewood with a rebound.
19:20 of 2nd period - Shot by Oliver Wahlstrom.
19:20 of 2nd period - Shot Misses the Net.
19:22 of 2nd period - Shot by Rasmus Asplund.
19:22 of 2nd period - Stopped by Scott Wedgewood without a rebound.
19:23 of 2nd period - Matt Duchene wins face-off versus Connor McDavid in WASHINGTON Capitals zone.
19:23 of 2nd period - Matt Duchene is hit by Connor McDavid.
19:32 of 2nd period - Connor McDavid is hit by Carson Soucy and loses puck.
19:40 of 2nd period - Off-side.
19:41 of 2nd period - William Karlsson wins face-off versus Rasmus Asplund in neutral zone.
19:49 of 2nd period - Mario Ferraro is hit by Oliver Wahlstrom.
Goals for this period are 3 for WASHINGTON Capitals vs 0 for OTTAWA Senators.
Shots for this period are 11 for WASHINGTON Capitals vs 7 for OTTAWA Senators.

3rd period


0:01 of 3rd period - Matt Duchene wins face-off versus Connor McDavid in neutral zone.
0:03 of 3rd period - John Carlson is hit by K'Andre Miller and loses puck.
0:13 of 3rd period - Minor Penalty to K'Andre Miller for Hooking.
0:14 of 3rd period - Connor McDavid wins face-off versus William Karlsson in OTTAWA Senators zone.
0:20 of 3rd period - Icing by Kevin Shattenkirk.
0:21 of 3rd period - William Karlsson wins face-off versus Connor McDavid in WASHINGTON Capitals zone.
0:28 of 3rd period - Shot by Pavel Buchnevich.
0:28 of 3rd period - Shot Misses the Net.
0:42 of 3rd period - Shot by Kevin Shattenkirk.
0:42 of 3rd period - Shot Blocked by Samuel Girard.
0:44 of 3rd period - Shot by William Karlsson.
0:44 of 3rd period - Shot Misses the Net.
1:30 of 3rd period - Shot by Torey Krug.
1:30 of 3rd period - Stopped by Logan Thompson without a rebound.
1:31 of 3rd period - Matt Duchene wins face-off versus Connor McDavid in OTTAWA Senators zone.
1:32 of 3rd period - Shot by Ryan Strome.
1:32 of 3rd period - Deflect By Ivan Barbashev.
1:32 of 3rd period - Stopped by Logan Thompson with a rebound.
1:34 of 3rd period - Shot by Torey Krug.
1:34 of 3rd period - Stopped by Logan Thompson without a rebound.
1:35 of 3rd period - Connor McDavid wins face-off versus Matt Duchene in OTTAWA Senators zone.
1:56 of 3rd period - Shot by Cale Makar.
1:56 of 3rd period - Shot Misses the Net.
2:32 of 3rd period - Minor Penalty to Samuel Girard for High sticking.
2:33 of 3rd period - Connor McDavid wins face-off versus William Karlsson in OTTAWA Senators zone.
3:11 of 3rd period - Icing by Pavel Buchnevich.
3:12 of 3rd period - William Karlsson wins face-off versus Connor McDavid in WASHINGTON Capitals zone.
3:47 of 3rd period - Nick Seeler is hit by Ivan Barbashev and loses puck.
4:49 of 3rd period - Rasmus Asplund is hit by Ian Cole and loses puck.
5:55 of 3rd period - Steven Lorentz is hit by Ian Cole and loses puck.
6:28 of 3rd period - Shot by Mikko Rantanen.
6:28 of 3rd period - Stopped by Scott Wedgewood with a rebound.
6:30 of 3rd period - Shot by Connor McDavid.
6:30 of 3rd period - Shot Misses the Net.
6:32 of 3rd period - Shot by Rasmus Sandin.
6:32 of 3rd period - Goal by Rasmus Sandin - WASHINGTON Capitals : 4 - OTTAWA Senators : 4.
6:33 of 3rd period - Matt Duchene wins face-off versus Rasmus Asplund in neutral zone.
6:33 of 3rd period - Brock Boeser is hit by Oliver Wahlstrom and loses puck.
6:57 of 3rd period - Shot by Pavel Buchnevich.
6:57 of 3rd period - Stopped by Logan Thompson without a rebound.
6:58 of 3rd period - William Karlsson wins face-off versus Mikko Rantanen in OTTAWA Senators zone.
7:05 of 3rd period - Shot by Mikko Rantanen.
7:05 of 3rd period - Shot Misses the Net.
7:07 of 3rd period - Shot by Connor McDavid.
7:07 of 3rd period - Deflect By Mikko Rantanen.
7:07 of 3rd period - Shot Misses the Net.
7:24 of 3rd period - K'Andre Miller is hit by Torey Krug and loses puck.
8:00 of 3rd period - Icing by William Karlsson.
8:01 of 3rd period - William Karlsson wins face-off versus Dylan Strome in WASHINGTON Capitals zone.
8:01 of 3rd period - Minor Penalty to Pierre-Edouard Bellemare for Delaying the game.
8:02 of 3rd period - Connor McDavid wins face-off versus William Karlsson in OTTAWA Senators zone.
8:11 of 3rd period - Mikko Rantanen is hit by Brock Boeser and loses puck.
9:26 of 3rd period - Dylan Strome is hit by Pavel Buchnevich.
10:56 of 3rd period - Shot by Oliver Wahlstrom.
10:56 of 3rd period - Stopped by Scott Wedgewood without a rebound.
10:57 of 3rd period - William Karlsson wins face-off versus Rasmus Asplund in WASHINGTON Capitals zone.
11:06 of 3rd period - Shot by Ivan Barbashev.
11:06 of 3rd period - Deflect By William Karlsson.
11:06 of 3rd period - Stopped by Logan Thompson with a rebound.
11:34 of 3rd period - Minor Penalty to Kevin Shattenkirk for Slashing.
11:35 of 3rd period - William Karlsson wins face-off versus Connor McDavid in WASHINGTON Capitals zone.
11:52 of 3rd period - Shot by Samuel Girard.
11:52 of 3rd period - Stopped by Scott Wedgewood without a rebound.
11:53 of 3rd period - Dylan Strome wins face-off versus William Karlsson in WASHINGTON Capitals zone.
12:03 of 3rd period - Icing by Steven Lorentz.
12:04 of 3rd period - William Karlsson wins face-off versus Dylan Strome in OTTAWA Senators zone.
12:17 of 3rd period - Shot by Samuel Girard.
12:17 of 3rd period - Shot Misses the Net.
12:19 of 3rd period - Shot by Samuel Girard.
12:19 of 3rd period - Goal by Samuel Girard - WASHINGTON Capitals : 4 - OTTAWA Senators : 5.
12:20 of 3rd period - Connor McDavid wins face-off versus Christian Dvorak in neutral zone.
12:22 of 3rd period - K'Andre Miller is hit by Torey Krug and loses puck.
12:48 of 3rd period - Shot by Ryan Strome.
12:48 of 3rd period - Stopped by Logan Thompson without a rebound.
12:49 of 3rd period - Dylan Strome wins face-off versus Matt Duchene in OTTAWA Senators zone.
13:12 of 3rd period - Shot by Dylan Strome.
13:12 of 3rd period - Deflect By Pierre-Edouard Bellemare.
13:12 of 3rd period - Shot Blocked by Pavel Buchnevich.
13:23 of 3rd period - Icing by Rasmus Sandin.
13:24 of 3rd period - William Karlsson wins face-off versus Dylan Strome in OTTAWA Senators zone.
13:45 of 3rd period - Casey Mittelstadt is hit by Steven Lorentz and loses puck.
14:14 of 3rd period - Shot by Mikko Rantanen.
14:14 of 3rd period - Stopped by Scott Wedgewood without a rebound.
14:15 of 3rd period - Matt Duchene wins face-off versus Rasmus Asplund in WASHINGTON Capitals zone.
14:45 of 3rd period - Off-side.
14:46 of 3rd period - Connor McDavid wins face-off versus Christian Dvorak in neutral zone.
15:22 of 3rd period - Shot by Connor McDavid.
15:22 of 3rd period - Shot Misses the Net.
15:24 of 3rd period - Shot by Mikko Rantanen.
15:24 of 3rd period - Deflect By Connor McDavid.
15:24 of 3rd period - Shot Misses the Net.
15:26 of 3rd period - Shot by Cale Makar.
15:26 of 3rd period - Stopped by Scott Wedgewood without a rebound.
15:27 of 3rd period - Dylan Strome wins face-off versus Matt Duchene in WASHINGTON Capitals zone.
15:37 of 3rd period - Icing by John Carlson.
15:38 of 3rd period - Matt Duchene wins face-off versus Rasmus Asplund in WASHINGTON Capitals zone.
15:45 of 3rd period - Shot by Brock Boeser.
15:45 of 3rd period - Deflect By Pavel Buchnevich.
15:45 of 3rd period - Shot Blocked by Sean Durzi.
15:47 of 3rd period - Shot by John Carlson.
15:47 of 3rd period - Stopped by Logan Thompson without a rebound.
15:48 of 3rd period - William Karlsson wins face-off versus Dylan Strome in OTTAWA Senators zone.
15:50 of 3rd period - Double Minor Penalty to Ivan Barbashev for Roughing.
15:51 of 3rd period - Connor McDavid wins face-off versus William Karlsson in WASHINGTON Capitals zone.
15:58 of 3rd period - Shot by Mikko Rantanen.
15:58 of 3rd period - Shot Misses the Net.
16:00 of 3rd period - Shot by Cale Makar.
16:00 of 3rd period - Shot Blocked by Matt Duchene.
16:02 of 3rd period - Shot by K'Andre Miller.
16:02 of 3rd period - Shot Misses the Net.
16:04 of 3rd period - Shot by Mikko Rantanen.
16:04 of 3rd period - Shot Blocked by John Carlson.
16:06 of 3rd period - Shot by Cale Makar.
16:06 of 3rd period - Goal by Cale Makar - WASHINGTON Capitals : 4 - OTTAWA Senators : 6.
16:07 of 3rd period - William Karlsson wins face-off versus Dylan Strome in neutral zone.
16:12 of 3rd period - Icing by Pierre-Edouard Bellemare.
16:13 of 3rd period - Dylan Strome wins face-off versus William Karlsson in OTTAWA Senators zone.
16:56 of 3rd period - Shot by Samuel Girard.
16:56 of 3rd period - Shot Misses the Net.
17:07 of 3rd period - Icing by Connor McDavid.
17:08 of 3rd period - Christian Dvorak wins face-off versus Connor McDavid in OTTAWA Senators zone.
17:42 of 3rd period - Shot by Mikko Rantanen.
17:42 of 3rd period - Shot Misses the Net.
18:46 of 3rd period - Shot by Anthony Duclair.
18:46 of 3rd period - Shot Misses the Net.
18:48 of 3rd period - Shot by Sean Durzi.
18:48 of 3rd period - Stopped by Scott Wedgewood with a rebound.
18:59 of 3rd period - Ross Colton is hit by Samuel Girard and loses puck.
19:20 of 3rd period - Shot by Dylan Strome.
19:20 of 3rd period - Shot Misses the Net.
19:22 of 3rd period - Shot by Steven Lorentz.
19:22 of 3rd period - Shot Misses the Net.
19:24 of 3rd period - Shot by Dylan Strome.
19:24 of 3rd period - Stopped by Scott Wedgewood without a rebound.
19:25 of 3rd period - Connor McDavid wins face-off versus Brock Boeser in WASHINGTON Capitals zone.
19:25 of 3rd period - Mikko Rantanen is hit by Kevin Shattenkirk and loses puck.
19:32 of 3rd period - Shot by Matt Duchene.
19:32 of 3rd period - Stopped by Logan Thompson without a rebound.
19:33 of 3rd period - Tyler Bertuzzi wins face-off versus Matt Duchene in OTTAWA Senators zone.
19:55 of 3rd period - Icing by Cale Makar.
19:56 of 3rd period - Jason Dickinson wins face-off versus Connor McDavid in OTTAWA Senators zone.
Goals for this period are 0 for WASHINGTON Capitals vs 3 for OTTAWA Senators.
Shots for this period are 8 for WASHINGTON Capitals vs 10 for OTTAWA Senators. Output by the SimonT Hockey Simulator (STHS) for Martin Benoit - Original Page W3C HTML5 Valid
Hockey Simulator - Hockey Simulation - Hockey Manager